Map: Dusk Towers

Players

blackxored - Winner!

  • Race: Zerg Zerg
  • League: Diamond

lippy

  • Race: Terran Terran
  • League: Diamond

VOD

Have the link to the VOD?

Description

Time

  • Played on: June 30, 2016, 1:09 p.m.
  • Length: 20:20
Show
View Real Time Build Order
Export as new Build Order

blackxored Zerg - Winner!

Build Orders: Hatch First 

Get SALT Encoding   

  12  0:02  Drone  
  13  0:09  Drone  
  14  0:19  Overlord  
  14  0:23  Extractor, Drone  
  15  0:37  Drone  
  15  0:38  Drone  
  17  0:52  Hatchery  
  17  0:55  Drone  
  17  0:59  Drone  
  18  1:10  Extractor  
  17  1:14  Spawning Pool  
  17  1:16  Drone  
  17  1:19  Drone  
  18  1:28  Drone  
  19  1:39  Overlord  
  19  1:50  Drone  
  20  2:01  Queen  
  20  2:02  Zergling x2  
  20  2:04  Queen  
  20  2:05  Zergling x2  
  26  2:11  Zergling x2  
  26  2:14  Metabolic Boost  
  27  2:19  Zergling x2  
  28  2:39  Hatchery  
  28  2:44  Drone x5  
  28  2:51  Overlord  
  32  2:58  Pneumatized Carapace  
  32  3:01  Drone  
  32  3:03  Drone  
  34  3:10  Overlord  
  34  3:12  Drone  
  35  3:13  Drone  
  36  3:21  Drone  
  36  3:22  Drone x2  
  36  3:24  Drone  
  36  3:26  Drone  
  41  3:36  Drone  
  41  3:37  Roach Warren  
  41  3:38  Drone  
  41  3:40  Drone  
  43  3:41  Drone  
  44  4:01  Drone x4  
  44  4:02  Drone x4  
  52  4:03  Queen  
  52  4:06  Queen  
  56  4:15  Spine Crawler  
  56  4:16  Queen  
  57  4:22  Overlord x2  
  57  4:44  Roach x8  
  72  4:56  Roach  
  72  4:58  Overlord x4  
  74  5:08  Lair  
  74  5:12  Spore Crawler  
  74  5:13  Drone  
  74  5:15  Spore Crawler  
  69  5:28  Ravager  
  70  5:35  Roach  
  72  5:37  Zergling x30  
  87  5:52  Drone x4  
  91  6:00  Drone, Hatchery  
  91  6:01  Drone  
  91  6:03  Extractor  
  91  6:04  Drone x2  
  91  6:05  Drone x2  
  91  6:07  Overseer  
  95  6:12  Hatchery  
  95  6:15  Evolution Chamber  
  95  6:16  Drone x3  
  95  6:17  Evolution Chamber  
  96  6:18  Drone x3  
  96  6:19  Baneling Nest  
  96  6:21  Drone  
  96  6:22  Extractor  
  96  6:23  Extractor, Drone  
  96  6:32  Overlord x3  
  96  6:36  Extractor  
  96  6:38  Extractor  
  94  6:53  Drone x2  
  94  6:54  Drone x4  
  99  6:56  Drone  
  99  6:57  Drone x4  
  105  7:02  Baneling  
  105  7:04  Centrifical Hooks  
  105  7:06  Baneling x2  
  105  7:16  Zergling x8  
  105  7:17  Zergling x10  
  102  7:36  Zergling x20  
  112  7:38  Baneling x8  
  112  7:41  Zerg Melee Weapons Level 1  
  112  7:44  Drone x3  
  115  7:47  Queen  
  117  7:53  Zergling x18  
  106  8:12  Zergling x2  
  106  8:13  Zergling x14  
  106  8:14  Ravager x2  
  106  8:15  Ravager x3  
  118  8:21  Drone x3  
  118  8:22  Drone x2  
  118  8:24  Drone  
  124  8:30  Zergling x4  
  124  8:32  Overlord x3  
  124  8:33  Overlord x2  
  118  8:44  Zergling x12  
  123  8:53  Drone x4  
  123  8:54  Drone  
  128  9:08  Spire  
  128  9:09  Zerg Ground Armor Level 1  
  127  9:21  Drone x2  
  127  9:22  Extractor, Drone x4  
  132  9:24  Extractor  
  132  9:30  Zergling x38  
  150  9:33  Infestation Pit  
  150  9:36  Zergling x8  
  153  9:41  Zergling x2  
  153  9:42  Zergling x4  
  153  9:43  Baneling x4  
  153  9:44  Baneling x4  
  156  9:49  Zergling x10  
  157  9:54  Hatchery  
  157  9:59  Zergling x2  
  163  10:00  Zergling x16  
  163  10:01  Baneling x8  
  163  10:02  Baneling x12  
  164  10:11  Overseer x2  
  164  10:12  Overseer  
  164  10:15  Zergling x2  
  164  10:17  Overlord x4  
  164  10:20  Hive  
  165  10:24  Zerg Melee Weapons Level 2  
  165  10:31  Overlord x5  
  165  10:42  Corruptor x3  
  162  10:43  Corruptor x5  
  162  10:48  Zergling x2  
  162  10:49  Zergling x10  
  167  10:58  Zergling x16  
  167  10:59  Zergling x2  
  167  11:00  Mutalisk  
  173  11:13  Zergling x22  
  173  11:14  Zergling x4  
  185  11:42  Overseer x2  
  185  11:43  Ultralisk Cavern  
  182  11:55  Hatchery  
  179  12:13  Overlord  
  179  12:19  Zerg Ground Armor Level 2  
  179  12:31  Baneling x3  
  179  12:32  Baneling x6  
  179  12:33  Baneling x4  
  179  12:37  Chitinous Plating  
  179  12:38  Ultralisk x3  
  197  12:44  Extractor  
  197  12:46  Extractor  
  150  13:01  Ultralisk  
  150  13:02  Ultralisk x4  
  165  13:10  Zergling x2  
  165  13:11  Zergling x26  
  163  13:24  Ultralisk  
  169  13:34  Drone x6  
  175  13:42  Baneling x4  
  167  14:11  Extractor  
  167  14:12  Hatchery  
  167  14:15  Extractor  
  146  14:17  Overseer  
  143  14:25  Drone x4  
  143  14:26  Drone x2  
  148  14:32  Mutalisk x3  
  154  14:42  Zerg Melee Weapons Level 3  
  154  14:50  Ultralisk  
  158  14:59  Drone x6  
  164  15:02  Drone  
  164  15:03  Drone  
  164  15:04  Drone  
  164  15:06  Drone  
  168  15:07  Drone  
  169  15:17  Drone  
  169  15:18  Drone x5  
  175  15:35  Drone  
  167  15:41  Overlord  
  167  15:42  Overlord  
  167  15:44  Overlord  
  167  15:47  Ultralisk  
  167  15:48  Ultralisk  
  179  16:09  Overlord x3  
  179  16:10  Overlord x5  
  177  16:38  Ultralisk x3  
  177  16:39  Ultralisk  
  199  16:50  Zerg Ground Armor Level 3  
  191  17:16  Corruptor x2  
  191  17:17  Corruptor x3  
  181  17:36  Corruptor x4  
  168  17:50  Hatchery  
  163  17:58  Drone x11  
  170  17:59  Drone x2  
  170  18:04  Extractor  
  173  18:06  Drone x7  
  180  18:14  Overlord  
  180  18:21  Spore Crawler  
  164  18:42  Ultralisk  
  164  18:48  Queen  
  172  19:11  Hatchery  
  159  19:21  Roach x2  
  159  19:22  Roach x2  
  158  19:28  Overseer x2  
  156  19:36  Corruptor  
  156  19:37  Corruptor  
  158  19:52  Zergling x2  
Show
View Real Time Build Order
Export as new Build Order

lippy Terran 

Build Orders: Liberator Opening, Reaper Expand, MMM Bio 

Get SALT Encoding   

  12  0:01  SCV  
  13  0:13  SCV  
  14  0:18  Supply Depot  
  14  0:25  SCV  
  15  0:39  SCV  
  15  0:41  Barracks  
  16  0:47  Refinery  
  16  0:51  SCV  
  17  1:03  SCV  
  18  1:15  SCV  
  19  1:28  Orbital Command  
  19  1:30  Reaper  
  20  1:40  Command Center  
  20  1:49  Refinery  
  20  1:53  SCV  
  21  2:02  Marine  
  21  2:05  SCV  
  21  2:07  Supply Depot  
  23  2:20  Barracks Reactor  
  23  2:29  SCV  
  24  2:31  Factory  
  23  2:41  SCV  
  24  2:53  SCV  
  24  2:56  Marine x2  
  27  3:00  Orbital Command  
  27  3:05  SCV  
  28  3:17  Starport, SCV  
  29  3:26  SCV  
  30  3:27  Barracks Tech Lab  
  30  3:29  SCV  
  30  3:30  Hellion x2  
  35  3:40  Armory  
  35  3:42  SCV  
  35  3:43  SCV  
  35  3:45  Marine  
  35  3:46  Liberator  
  38  3:50  Widow Mine x2  
  38  3:54  SCV  
  46  4:45  Marine, SCV  
  46  4:53  SCV  
  46  4:58  Barracks, SCV  
  46  4:59  Barracks  
  46  5:00  Barracks x2  
  46  5:04  Refinery  
  46  5:05  Refinery, Command Center  
  46  5:10  SCV x2  
  46  5:17  Marine  
  46  5:19  Medivac  
  45  5:22  SCV  
  46  5:35  SCV  
  46  5:43  Engineering Bay  
  46  5:44  Engineering Bay  
  46  5:45  Supply Depot  
  46  5:47  Supply Depot, Barracks Reactor x2  
  46  5:48  Barracks Tech Lab  
  46  5:49  Barracks Reactor  
  46  6:01  Starport Reactor, Stimpack  
  46  6:06  Marine, Widow Mine x2, SCV x2  
  53  6:18  SCV x2  
  53  6:21  Marauder  
  53  6:24  Marine  
  58  6:30  SCV  
  58  6:31  Terran Infantry Weapons Level 1, Terran Infantry Armor Level 1  
  59  6:39  Medivac x2  
  63  6:42  Marine, Marauder  
  63  6:43  SCV, Missile Turret  
  63  6:45  SCV  
  68  6:48  Supply Depot, Marine  
  68  6:49  Supply Depot, Marine x3  
  72  6:55  SCV, Widow Mine x2  
  77  7:05  Orbital Command  
  77  7:09  Marine, SCV x2  
  77  7:10  Marauder  
  82  7:21  SCV x2  
  84  7:27  Marine  
  82  7:30  Marine  
  82  7:35  Marine x2  
  82  7:36  Marine x4  
  85  7:41  SCV x3  
  88  7:44  Combat Shields  
  88  7:45  Marauder  
  88  7:48  Marine  
  91  7:53  SCV x2  
  93  7:59  Barracks  
  93  8:00  Supply Depot, Barracks, SCV  
  93  8:01  Supply Depot, Barracks  
  93  8:02  Marine  
  85  8:20  Marine  
  85  8:21  Marine x2, Marauder x2  
  85  8:22  Marine x3  
  93  8:38  Marine  
  93  8:40  Liberator x2  
  86  8:42  Marauder  
  86  8:43  Marauder  
  86  8:47  Marine  
  84  8:48  Barracks Reactor  
  84  8:49  Barracks Reactor x2, Marine x3  
  84  8:50  Marine, SCV  
  88  8:59  Terran Infantry Armor Level 2, Terran Infantry Weapons Level 2  
  88  9:01  Concussive Shells  
  88  9:02  SCV  
  95  9:04  Marauder x2  
  99  9:12  Marine x4  
  99  9:13  Marine x2  
  99  9:14  SCV  
  104  9:21  Supply Depot  
  104  9:25  Marauder  
  104  9:27  SCV  
  104  9:29  Marine  
  104  9:30  Supply Depot, Marine  
  109  9:42  Marine x3, Medivac x2  
  115  9:57  Marine  
  115  9:58  Marine x7  
  115  9:59  Marauder  
  125  10:05  Supply Depot  
  125  10:06  Supply Depot, Command Center  
  125  10:12  Supply Depot, Refinery x2  
  125  10:13  Supply Depot  
  125  10:27  Supply Depot, Marine x8, Marauder  
  125  10:28  Medivac x2, Marauder  
  141  10:29  Supply Depot  
  141  10:32  Supply Depot  
  141  10:33  Marine x4  
  144  10:44  Marine x2  
  144  10:49  Marauder x2  
  146  10:51  Marine  
  146  10:56  Marine x9  
  146  10:58  Medivac x2  
  146  11:02  Marine x2  
  152  11:09  Marine  
  152  11:10  Marine, Marauder  
  155  11:13  Marine  
  155  11:14  Marine x5  
  157  11:27  Medivac x2  
  161  11:36  Widow Mine x2  
  152  12:00  Starport  
  150  12:03  Starport  
  150  12:04  Widow Mine x2  
  154  12:11  Liberator x2  
  154  12:22  Marine x3  
  155  12:23  Marine, Marauder  
  155  12:24  Marine, Marauder  
  169  12:45  Marauder x2  
  173  12:58  Marine  
  164  12:59  Marine x10  
  136  13:06  Marauder x2  
  123  13:19  Starport Reactor  
  112  13:20  Starport Reactor  
  112  13:43  Orbital Command  
  112  13:50  Orbital Command  
  102  14:16  Marine  
  102  14:17  Marine x5, Marauder  
  89  14:18  Marine x2, Marauder  
  89  14:20  Viking x4  
  89  14:21  Viking x2  
  103  14:32  SCV  
  103  14:33  SCV  
  103  14:35  Widow Mine x2  
  109  14:39  Marauder x2  
  109  14:44  SCV  
  109  14:45  SCV  
  106  14:50  Viking x5  
  106  14:51  Viking  
  112  15:00  Refinery, Marauder  
  112  15:01  SCV  
  112  15:02  Refinery  
  112  15:03  Liberator x3  
  112  15:06  Armory  
  115  15:07  Terran Ship Weapons Level 1  
  115  15:08  Terran Infantry Weapons Level 3, Terran Infantry Armor Level 3  
  115  15:11  Armory  
  115  15:19  Marine  
  115  15:20  Marine x7, Medivac x3, Marauder  
  115  15:21  Marine x4  
  144  15:22  Marauder  
  146  15:33  Liberator x2  
  142  15:37  Marine  
  142  15:38  Marine x7  
  142  15:41  Marauder  
  144  15:43  Marauder  
  146  15:50  Medivac  
  146  15:56  Terran Vehicle And Ship Armor Level 1  
  154  15:59  Terran Vehicle Weapons Level 1  
  154  16:03  Medivac  
  144  16:41  Marine  
  144  16:42  Marine, Marauder x2  
  150  16:50  Marine  
  150  16:51  Marine x9  
  160  16:59  Marine x2  
  162  17:03  Marine, Marauder  
  140  17:33  Marine  
  140  17:34  Marine x7  
  140  17:35  Marine x4, Marauder x2  
  135  17:51  Marine  
  135  17:52  Marine x7  
  135  17:53  Marine x4  
  135  17:56  Marauder x2  
  151  18:01  Starport  
  151  18:02  Supply Depot  
  151  18:04  Starport Tech Lab  
  151  18:07  Starport Tech Lab  
  151  18:09  Marine, Orbital Command  
  149  18:13  Marine  
  98  18:45  Banshee  
  98  18:46  Banshee  
  98  18:47  Viking x2  
  101  19:16  Marine  
  163  19:17  Viking, Marine x13  
  102  19:21  Starport Tech Lab  
  102  19:28  Banshee  
  95  19:34  Marine x2  
  95  19:35  Marine x2  
  95  19:36  Marauder x2  
  92  19:47  Marine  
  92  19:48  Marine x2  
  92  19:50  Marine  
  92  19:51  Marine x3  
  81  19:57  Marauder x2  
Tags
 
Add a new tag
Caveats
  • Supply blocks, unpowered buildings, or Contaminate may cause inaccurate times.
  • Supply counts are checked every 10 seconds.